 Dungeon Crawl Stone Soup version 0.18-a0-1186-gd02dc51 (webtiles) character file.

17729 Lathuz the Severer (level 12, -4/111 (113) HPs)
             Began as a Minotaur Berserker on Jan 28, 2016.
             Was a High Priest of Trog.
             Succumbed to Sonja's poison
             ... on level 1 of the Lair of Beasts.
             The game lasted 00:41:54 (13110 turns).

Lathuz the Severer (Minotaur Berserker)            Turns: 13110, Time: 00:41:54

HP:   -4/111 (113)  AC: 21    Str: 24    XL:     12   Next: 21%
MP:   11/11         EV:  8    Int:  4    God:    Trog [*****.]
Gold: 866           SH:  0    Dex: 13    Spells: 0 memorised, 11 levels left

rFire  + . .     SeeInvis .     E - +7 broad axe (elec)
rCold  . . .     Gourm    .     P - +0 plate armour
rNeg   . . .     Faith    .     (no shield)
rPois  .         Spirit   .     (helmet restricted)
rElec  .         Dismiss  +     O - +0 cloak
rCorr  .         Reflect  .     x - +1 pair of gloves
SustAt .         Harm     .     D - +0 pair of boots
MR     .....                    f - amulet of dismissal
Stlth  ..........               T - ring of stealth
                                s - ring of protection from fire

@: lethally poisoned (-4 -> -94), exhausted, slowed, very slow, not resistant to
hostile enchantments, extremely unstealthy
A: retaliatory headbutt, horns 2
a: Berserk, Trog's Hand, Brothers in Arms, Burn Spellbooks, Renounce Religion


You were on level 1 of the Lair of Beasts.
You worshipped Trog.
Trog was extremely pleased with you.
You were very hungry.

You visited 2 branches of the dungeon, and saw 12 of its levels.

You collected 866 gold pieces.

Inventory:

Hand Weapons
 y - a +0 battleaxe
 E - a +7 broad axe of electrocution (weapon)
Missiles
 q - 237 stones (quivered)
 V - 3 needles of paralysis
Armour
 x - a +1 pair of gloves (worn)
 D - a +0 pair of boots (worn)
 O - a +0 cloak (worn)
 P - a +0 plate armour (worn)
Jewellery
 f - an amulet of dismissal (around neck)
 s - a ring of protection from fire (left hand)
 T - a ring of stealth (right hand)
Wands
 G - a wand of polymorph (14/24)
 H - a wand of fire (4/15)
 K - a wand of frost (27/48)
 Q - a wand of teleportation (3/9)
 R - a wand of flame (39/48)
Scrolls
 b - 5 scrolls of remove curse
 c - 2 scrolls of magic mapping {unknown}
 e - a scroll of recharging {unknown}
 g - 2 scrolls of random uselessness {unknown}
 j - 3 scrolls of teleportation {unknown}
 m - 4 scrolls of blinking
 n - 2 scrolls of enchant weapon
 o - 6 scrolls of identify
 C - 2 scrolls of amnesia {unknown}
 F - 2 scrolls of immolation {unknown}
 J - a scroll of acquirement {unknown}
 S - 2 scrolls of fear
Potions
 d - 4 potions of mutation
 h - 5 potions of brilliance
 i - 6 potions of curing
 k - 2 potions of heal wounds
 p - 3 potions of might
 t - 2 potions of flight
 z - 3 potions of ambrosia
 A - a potion of haste
 B - 2 potions of agility
 L - a potion of cancellation
 U - a potion of invisibility
Books
 I - a book of Party Tricks

   Spells                             Type                      Level
   a - Summon Butterflies             Summoning                    1
   b - Apportation                    Translocation                1
   c - Tukima's Dance                 Hexes                        3
   d - Alistair's Intoxication        Transmutation/Poison         5
   e - Invisibility                   Hexes                        6
   Trog disapproves of the use of such an item.
Comestibles
 a - 11 slices of pizza
 l - 11 meat rations
 r - 4 beef jerkies
 u - 5 bread rations
 v - 9 chunks of flesh
 w - 22 fruits


   Skills:
 + Level 12.4 Fighting
 * Level 16.3 Axes
 + Level 12.1 Armour
 - Level 2.1 Dodging


You had 11 spell levels left.
You didn't know any spells.

Dungeon Overview and Level Annotations

Branches:
Dungeon (11/15)            Temple (0/1) D:7            Lair (1/8) D:11
    Orc (0/2) D:10

Altars:
Cheibriados
Dithmenos
Elyvilon
Fedhas
Makhleb
Nemelex Xobeh
Pakellas
Qazlal
Ru
Trog
Yredelemnul

Shops:
D:4 [(*

Annotations:
D:8 exclusion: ice statue


Innate Abilities, Weirdness & Mutations

You reflexively headbutt those who attack you in melee.
You have a pair of horns on your head.


Message History

Things that are here:
an uncursed dagger of venom; an uncursed enchanted blowgun 2 curare-tipped needles There isn't anything to butcher here.
You feel a strong urge to attack something.
* * * LOW HITPOINT WARNING * * *
You feel extremely sick.
Things that are here:
2 curare-tipped needles; a stone
* * * LOW HITPOINT WARNING * * *
You feel extremely sick.
Things that are here:
2 curare-tipped needles; a giant frog corpse You feel your anger subside.
You are no longer berserk.
You are exhausted.
You feel as though you will be slow longer.
You are feeling very hungry.
* * * LOW HITPOINT WARNING * * *
You feel extremely sick.
You die...

.#..<..#..♣ #......###
.#.....#..♣ #### ##..#..#
.#⌠...⌠#..♣
####..###########.#
.##'''##..♣
♣........÷........#
..........♣
♣.##.##.....##..†.##
..........♣
♣♣#..##.....###....#
♣♣♣♣♣♣♣♣♣♣♣
##.##...P..##....#
#.........P#.....## ♣
##@###............#
....#####P.##......P......#
#.....)((.................
##.########.########....##
#.# #...## # # .....#
#...### ##.## #.#


There were no monsters in sight!

Vanquished Creatures
  Erolcha (D:9)
  Urug (Lair:1)
  Sonja (Lair:1)
  The ghost of 4thArraOfDagon the Chopper, a novice CeBe of Trog (D:11)
  3 hill giants (D:11)
  3 ugly things
  Psyche (D:8)
  Maurice (D:9)
  A gargoyle (D:10)
  2 komodo dragons (Lair:1)
  A fire drake (D:11)
  2 trolls
  Grinder (D:3)
  A spriggan (D:8)
  21 yaks
  3 hippogriffs
  3 ice beasts
  3 sky beasts
  A phantom (D:8)
  A necrophage (D:5)
  An eye of draining (D:8)
  7 orc warriors
  2 black bears
  7 ogres
  2 centaurs
  A crocodile (Lair:1)
  A big kobold (D:11)
  9 giant frogs
  4 scorpions
  6 killer bees (D:10)
  13 wights
  3 jellies
  3 crimson imps
  8 hounds
  10 orc wizards
  3 centaur zombies
  An orc priest (D:8)
  A gnoll shaman (D:7)
  2 centaur skeletons
  4 giant frog skeletons
  Terence (D:2)
  Jessica (D:3)
  Natasha (thrice) (D:3)
  4 iguanas
  Ijyb (D:2)
  6 worker ants
  A hound skeleton (D:6)
  2 worker ant zombies
  14 adders
  6 gnolls (D:7)
  2 river rats (D:4)
  A shadow imp (D:9)
  An ooze (D:1)
  3 adder skeletons
  4 worms
  2 giant geckos
  43 orcs
  7 bats
  8 giant cockroaches
  9 goblins
  10 hobgoblins
  16 jackals
  10 kobolds
  4 quokkas
  2 ball pythons
  A giant gecko zombie (D:6)
  6 giant newts
  11 rats
  A fungus (Lair:1)
320 creatures vanquished.

Vanquished Creatures (collateral kills)
  The ghost of PeterLawrence the Basher, a novice GrFi of Okawaru (D:9)
  A wight (D:9)
  A quokka (D:9)
3 creatures vanquished.

Grand Total: 323 creatures vanquished

Notes
Turn   | Place    | Note
--------------------------------------------------------------
     0 | D:1      | Lathuz the Minotaur Berserker began the quest for the Orb.
     0 | D:1      | Reached XP level 1. HP: 19/19 MP: 0/0
   104 | D:1      | Reached skill level 4 in Axes
   104 | D:1      | Reached XP level 2. HP: 22/27 MP: 1/1
   238 | D:1      | Reached ** piety under Trog
   399 | D:1      | Reached XP level 3. HP: 31/33 MP: 2/2
   557 | D:2      | Noticed Ijyb
   569 | D:2      | Killed Ijyb
   569 | D:2      | Reached XP level 4. HP: 41/41 MP: 3/3
  1283 | D:2      | Reached skill level 5 in Axes
  1591 | D:2      | Reached *** piety under Trog
  1611 | D:2      | Noticed Terence
  1633 | D:2      | Killed Terence
  1633 | D:2      | Reached XP level 5. HP: 47/47 MP: 4/4
  1862 | D:3      | Noticed Grinder
  1862 | D:3      | Noticed Jessica
  1951 | D:3      | Killed Grinder
  1951 | D:3      | Reached skill level 5 in Fighting
  1951 | D:3      | Reached skill level 6 in Axes
  1951 | D:3      | Reached XP level 6. HP: 56/56 MP: 5/5
  2000 | D:3      | Killed Jessica
  2174 | D:3      | Noticed Natasha
  2193 | D:3      | Killed Natasha
  2386 | D:3      | Found a sparkling altar of Nemelex Xobeh.
  2402 | D:3      | Noticed Natasha
  2410 | D:3      | Killed Natasha
  2410 | D:3      | Reached skill level 7 in Axes
  2426 | D:3      | Noticed Natasha
  2429 | D:3      | Killed Natasha
  2429 | D:3      | Reached skill level 5 in Armour
  2553 | D:3      | Reached XP level 7. HP: 61/61 MP: 6/6
  2560 | D:3      | Reached **** piety under Trog
  3034 | D:4      | Found Enecusoe's Antique Armour Shop.
  3410 | D:4      | Found Ytelem's Assorted Antiques.
  3437 | D:4      | Found Kuzeeqem's Weapon Boutique.
  4058 | D:5      | Entered Level 5 of the Dungeon
  4121 | D:5      | Reached skill level 8 in Axes
  4635 | D:5      | Reached XP level 8. HP: 62/71 MP: 7/7
  4874 | D:5      | Reached skill level 9 in Axes
  5160 | D:5      | Found a sacrificial altar of Ru.
  5466 | D:6      | Reached skill level 10 in Axes
  5468 | D:6      | Reached ***** piety under Trog
  6102 | D:6      | Reached skill level 11 in Axes
  6213 | D:7      | Found a blossoming altar of Fedhas.
  6218 | D:7      | Found a stormy altar of Qazlal.
  6464 | D:7      | Found a burning altar of Makhleb.
  6505 | D:7      | Reached XP level 9. HP: 74/76 MP: 8/8
  6550 | D:7      | Reached skill level 12 in Axes
  6591 | D:7      | Received a gift from Trog
  6902 | D:7      | Found an oddly glowing altar of Pakellas.
  6909 | D:7      | Found a staircase to the Ecumenical Temple.
  6933 | D:7      | Found a shadowy altar of Dithmenos.
  7097 | D:8      | Noticed Psyche
  7101 | D:8      | Killed Psyche
  7101 | D:8      | Reached skill level 13 in Axes
  7161 | D:8      | Found a bloodstained altar of Trog.
  7485 | D:8      | Reached skill level 14 in Axes
  7700 | D:8      | Noticed an ice statue
  8433 | D:9      | Reached XP level 10. HP: 82/82 MP: 9/9
  8520 | D:9      | Reached skill level 15 in Axes
  8567 | D:9      | Noticed Erolcha
  8579 | D:9      | Killed Erolcha
  8993 | D:9      | Noticed Maurice
  9000 | D:9      | Killed Maurice
  9050 | D:9      | Found a basalt altar of Yredelemnul.
  9061 | D:9      | Reached skill level 16 in Axes
  9204 | D:9      | Noticed PeterLawrence's ghost (novice GrFi)
  9238 | D:9      | Killed PeterLawrence's ghost
  9465 | D:9      | Found a sparkling altar of Nemelex Xobeh.
 10181 | D:9      | Found a bloodstained altar of Trog.
 10181 | D:9      | Found a snail-covered altar of Cheibriados.
 10334 | D:10     | Entered Level 10 of the Dungeon
 10546 | D:10     | Reached XP level 11. HP: 93/93 MP: 10/10
 10842 | D:10     | Noticed a green ugly thing
 10850 | D:10     | Killed a green ugly thing
 10869 | D:10     | Found a staircase to the Orcish Mines.
 11097 | D:10     | Reached skill level 10 in Fighting
 11180 | D:11     | Noticed a brown ugly thing
 11191 | D:11     | Killed a brown ugly thing
 11320 | D:11     | Noticed 4thArraOfDagon's ghost (novice CeBe)
 11326 | D:11     | Killed 4thArraOfDagon's ghost
 11326 | D:11     | Reached skill level 10 in Armour
 11428 | D:11     | Noticed a hill giant
 11434 | D:11     | Killed a hill giant
 11593 | D:11     | Found a white marble altar of Elyvilon.
 11668 | D:11     | Noticed a hill giant
 11675 | D:11     | Killed a hill giant
 11747 | D:11     | Noticed a red ugly thing
 11758 | D:11     | Killed a red ugly thing
 11850 | D:11     | Found a staircase to the Lair.
 11894 | D:11     | Received a gift from Trog
 12270 | D:11     | Noticed a hill giant
 12281 | D:11     | Killed a hill giant
 12377 | Lair:1   | Entered Level 1 of the Lair of Beasts
 12548 | Lair:1   | Noticed Urug
 12566 | Lair:1   | Killed Urug
 12755 | Lair:1   | Reached XP level 12. HP: 91/110 MP: 11/11
 13097 | Lair:1   | Noticed Sonja
 13105 | Lair:1   | Killed Sonja
 13110 | Lair:1   | Succumbed to Sonja's poison

Vault maps used:
D:1:      matt_arrival_los_fun, fountainhead
D:2:      hangedman_decor_opposing, minmay_splitting_lines,
          minmay_close_crescents, uniq_terence, uniq_iyjb
D:3:      nemelex_deck, uniq_grinder, uniq_natasha, uniq_jessica
D:4:      serial_shops, nicolae_shop_statue_plus, shop, shop_statue,
          serial_column_ruins, column_ruins_square_huge,
          column_ruins_hut_ruined, column_ruins_open_tiny, column_ruins_grid_1,
          column_ruins_open_small, column_ruins_open_tiny,
          column_ruins_open_tiny, column_ruins_open_tiny,
          column_ruins_columns_straight, portal_sewer_entry_e
D:5:      lemuel_crystal_altar, first_bread, kennysheep_doodads
D:7:      grunt_temple_overflow_forces_of_nature, kennysheep_mini_moat,
          minmay_temple_entry_trees, basic_altar,
          nicolae_dithmenos_through_a_glass_darkly
D:8:      lemuel_ice_statue, grunt_pizzeria, trog_three_pillars_becter,
          uniq_psyche
D:9:      gammafunk_temple_overflow_forgotten, nemelex_lonely_heart_becter,
          uniq_erolcha, uniq_maurice
D:10:     orc_david_3
D:11:     minmay_lair_entry_lava, nicolae_two_hexagons, elyvilon_altar_5
Lair:1:   lemuel_fruit_fields, bh_autumn_forest_stairs, lemuel_fruit_tree,
          serial_bayou_shore_b, uniq_nergalle, uniq_sonja, uniq_urug

Action                   |  1- 3 |  4- 6 |  7- 9 | 10-12 || total
-------------------------+-------+-------+-------+-------++-------
Melee: Hand axe          |    53 |   104 |    31 |       ||   188
       Battleaxe         |       |       |   180 |       ||   180
       Broad axe         |       |       |    79 |   262 ||   341
Throw: Stone             |    31 |   126 |   264 |   261 ||   682
Invok: Berserk           |     1 |     5 |     5 |     9 ||    20
       Burn Spellbooks   |       |     1 |     1 |     1 ||     3
       Brothers in Arms  |       |       |       |     1 ||     1
  Use: Scroll            |       |       |    12 |     6 ||    18
  Eat: Chunk             |       |     6 |    12 |    23 ||    41
       Bread ration      |       |     1 |     1 |       ||     2
       Meat ration       |       |       |     1 |       ||     1
       Royal jelly       |       |       |     1 |       ||     1
       Fruit             |       |       |     1 |       ||     1
